 Dungeon Crawl Stone Soup version 0.31-a0-1001-g770356a (webtiles) character file.

Game seed: 1584508517466269816

724655 qlqlql the Skinwalker (level 27, -21/133 HPs)
             Began as a Felid Shapeshifter on Nov 8, 2023.
             Was the Champion of the Shining One.
             Demolished by a Hell Sentinel (24 damage)
             ... while paralysed by a Zot trap
             ... in Pandemonium.
             The game lasted 04:09:42 (120895 turns).

qlqlql the Skinwalker (Felid Shapeshifter)        Turns: 120895, Time: 04:09:42

Health: -21/133    AC: 14    Str: 16      XL:     27
Magic:  42/44      EV:  4    Int: 13      God:    the Shining One [******]
Gold:   7122       SH:  0    Dex: 26 (28) Spells: 27/59 levels left
                                        Lives:  0   Deaths: 8

rFire   + +          .
                       - Unarmed
rCold   + + .        (shield unavailable)
rNeg    + + +        (body armour unavailable)
rPois   ∞            (helmet unavailable)
rElec   +            (cloak unavailable)
rCorr   .            (gloves unavailable)
SInv    +            (boots unavailable)
Will    ++++.        j - amulet "Wipha" {Regen+ Str+6}
Stlth   +++          b - ring of Xois {Wiz rF++}
HPRegen 1.22/turn    w - ring of Kauzah {rC++ rN+}
MPRegen 0.29/turn

%: wizardry (x1)
@: paralysed, divinely shielded, storm-form, blinkbolt cooldown, flying, heavily
contaminated, glowing, studying Ice Magic
A: cleaving, insubstantial, flying, very small, (claws 1), (fangs 3), see
invisible, (speed 1), (shaggy fur 3), (stealthy paws), no weapons or thrown
items, no armour, multi-lived, mutation resistance 1, wild magic 1, inability to
read after injury 1
}: 5/15 runes: barnacled, slimy, silver, fiery, gossamer
a: Blinkbolt, Begin Untransformation, Renounce Religion, Divine Shield,
Cleansing Flame, Summon Divine Warrior


You were in Pandemonium.
You worshipped the Shining One.
The Shining One was exalted by your worship.
You were a lightning-filled tempest!
You visited 12 branches of the dungeon, and saw 56 of its levels.
You visited Pandemonium 1 time, and saw 4 of its levels.
You visited the Abyss 1 time.
You visited 1 bazaar.
You also visited: Ice Cave and Desolation.

You collected 35361 gold pieces.
You spent 5705 gold pieces at shops.
You paid 22534 gold pieces to Gozag.

Inventory:

Jewellery
 b - the ring of Xois (left paw) {Wiz rF++}
   (You bought it in a shop on level 14 of the Dungeon)

   [ring of wizardry]

   Wiz:       It improves your spell success rate.
   rF++:      It greatly protects you from fire.
 j - the amulet "Wipha" (around neck) {Regen+ Str+6}
   (You found it on level 3 of the Crypt)

   [amulet of regeneration]

   Str+6:     It affects your strength (+6).
   Regen+:    It increases your rate of health regeneration.
 n - the ring of Vybijuc {rC+ rCorr Str+3 Int+3}
   (You bought it in a shop on level 11 of the Dungeon)

   [ring of protection from cold]

   Str+3:     It affects your strength (+3).
   Int+3:     It affects your intelligence (+3).
   rC+:       It protects you from cold.
   rCorr:     It protects you from acid and corrosion.
 v - the ring "Lisas" {rC+ Int+3 Dex+6}
   (You bought it in a shop on level 11 of the Dungeon)

   [ring of dexterity]

   Int+3:     It affects your intelligence (+3).
   Dex+6:     It affects your dexterity (+6).
   rC+:       It protects you from cold.
 w - the ring of Kauzah (right paw) {rC++ rN+}
   (You found it on level 3 of the Crypt)

   [ring of positive energy]

   rC++:      It greatly protects you from cold.
   rN+:       It protects you from negative energy.
 y - an amulet of guardian spirit
Talismans
 z - a granite talisman
 C - a storm talisman (active)
Wands
 k - a wand of quicksilver (31)
 B - a wand of polymorph (43)
 X - a wand of digging (25)
Scrolls
 i - a scroll of amnesia
 l - 12 scrolls of teleportation
 m - 8 scrolls of immolation
 p - 2 scrolls of silence
 r - 9 scrolls of fog
 s - 9 scrolls of revelation
 D - 10 scrolls of vulnerability
 K - 5 scrolls of summoning
 M - 19 scrolls of blinking
 R - 6 scrolls of fear
Potions
 c - 8 potions of lignification
 d - 8 potions of mutation
 e - 7 potions of enlightenment
 f - 7 potions of berserk rage
 g - 27 potions of curing
 h - 15 potions of heal wounds
 o - 3 potions of magic
 q - 20 potions of brilliance
 t - 10 potions of might
 u - 7 potions of invisibility
 x - 12 potions of attraction
 E - 7 potions of haste
 N - 5 potions of cancellation
 S - 3 potions of resistance
Miscellaneous
 a - a lightning rod (4/4)
 I - a condenser vane
 L - a phial of floods
 O - a phantom mirror
 T - a sack of spiders


   Skills:
 + Level 19.6 Fighting
 + Level 24.6 Dodging
 + Level 16.7 Stealth
 * Level 23.3 Unarmed Combat
 + Level 16.8 Spellcasting
 + Level 12.9 Hexes
 + Level 17.4 Translocations
 - Level 3.1 Transmutations
 - Level 1.0 Fire Magic
 - Level 4.4 Air Magic
 - Level 10.0 Poison Magic
 + Level 12.9 Invocations
 - Level 9.2 Evocations
 - Level 26.0 Shapeshifting


You had 27 spell levels left.
You knew the following spells:

 Your Spells              Type           Power      Damage    Failure   Level
a - Apportation           Tloc           100%       N/A       1%          1
b - Passwall              Tmut/Erth      15%        N/A       2%          2
c - Vhi's Electric Charg  Tloc/Air       100%       N/A       1%          4
d - Manifold Assault      Tloc           65%        N/A       1%          4
e - Swiftness             Air            29%        N/A       1%          3
f - Enfeeble              Hex            27%        N/A       13%         7
g - Yara's Violent Unrav  Hex/Tmut       20%        3d9       4%          5
q - Blink                 Tloc           100%       N/A       1%          2
r - Passage of Golubria   Tloc           65%        N/A       1%          4

Your spell library contained the following spells:

 Spells                   Type           Power      Damage    Failure   Level
 Shock                    Conj/Air       84%        1d8       1%          1
 Slow                     Hex            100%       N/A       1%          1
 Sting                    Tmut/Pois      100%       1d8       1%          1
 Cigotuvi's Dreadful Rot  Necr/Pois/Air  60%        N/A       1%          2
 Ensorcelled Hibernation  Hex/Ice        72%        N/A       1%          2
 Jinxbite                 Hex            100%       N/A       1%          2
 Lesser Beckoning         Tloc           100%       N/A       1%          2
 Momentum Strike          Conj/Tloc      86%        3d10      1%          2
 Poisonous Vapours        Pois/Air       76%        N/A       1%          2
 Wereblood                Tmut           24%        N/A       1%          2
 Confusing Touch          Hex            55%        N/A       1%          3
 Gell's Gravitas          Tloc           65%        N/A       1%          3
 Ignite Poison            Fire/Tmut/Pois 30%        N/A       1%          3
 Inner Flame              Hex/Fire       37%        N/A       1%          3
 Mephitic Cloud           Conj/Pois/Air  30%        N/A       1%          3
 Sigil of Binding         Hex            55%        N/A       1%          3
 Summon Guardian Golem    Hex/Summ       36%        N/A       1%          3
 Teleport Other           Tloc           65%        N/A       1%          3
 Tukima's Dance           Hex            55%        N/A       1%          3
 Volatile Blastmotes      Fire/Tloc      90%        2d17      1%          3
 Cause Fear               Hex            27%        N/A       1%          4
 Iskenderun's Mystic Bla  Conj/Tloc      43%        2d10      1%          4
 Olgreb's Toxic Radiance  Pois           48%        N/A       1%          4
 Dispersal                Tloc           32%        N/A       1%          6
 Static Discharge         Conj/Air       42%        3-5/arc   2%          2
 Anguish                  Hex/Necr       18%        N/A       2%          4
 Fulminant Prism          Conj/Hex       18%        3d10      2%          4
 Summon Forest            Summ/Tloc      21%        N/A       2%          5
 Foxfire                  Conj/Fire      60%        2x1d7     3%          1
 Freeze                   Ice            56%        1d7       3%          1
 Necrotise                Necr           56%        1d6       3%          1
 Summon Small Mammal      Summ           56%        N/A       3%          1
 Scorch                   Fire           34%        2d6       3%          2
 Airstrike                Air            14%        2d(3-19)  5%          4
 Alistair's Intoxication  Tmut/Pois      24%        N/A       6%          5
 Metabolic Englaciation   Hex/Ice        18%        N/A       6%          5
 Summon Mana Viper        Hex/Summ       36%        N/A       6%          5
 Call Canine Familiar     Summ           14%        N/A       10%         3
 Frozen Ramparts          Ice            28%        1d5       10%         3
 Hailstorm                Conj/Ice       14%        3d5       10%         3
 Ozocubu's Armour         Ice            14%        N/A       10%         3
 Stone Arrow              Conj/Erth      28%        3d8       10%         3
 Vampiric Draining        Necr           14%        2d7       10%         3
 Summon Lightning Spire   Summ/Air       21%        N/A       12%         4
 Disjunction              Tloc           32%        N/A       16%         8
 Flame Wave               Conj/Fire      15%        2d7       22%         4
 Sticky Flame             Conj/Fire      15%        2d4       22%         4
 Animate Dead             Necr           14%        N/A       28%         4
 Summon Ice Beast         Ice/Summ       14%        N/A       28%         4
 Eringya's Noxious Bog    Tmut/Pois      18%        4d6       28%         6
 Freezing Cloud           Conj/Ice/Air   9%         6-21      38%         5
 Irradiate                Conj/Tmut      9%         3d14      38%         5
 Fireball                 Conj/Fire      7%         3d5       50%         5
 Malign Gateway           Summ/Tloc      21%        N/A       52%         7
 Borgnjor's Vile Clutch   Necr/Erth      7%         N/A       56%         5
 Discord                  Hex            27%        N/A       63%         8
 Plasma Beam              Fire/Air       11%        2x1d22    77%         6
 Conjure Ball Lightning   Conj/Air       10%        3x3d6     82%         6
 Starburst                Conj/Fire      7%         6d4       95%         6
 Death Channel            Necr           7%         N/A       98%         6
 Simulacrum               Ice/Necr       7%         N/A       98%         6
 Summon Cactus Giant      Summ           7%         N/A       98%         6
 Haunt                    Necr/Summ      7%         N/A       100%        7
 Monstrous Menagerie      Summ           7%         N/A       100%        7
 Orb of Destruction       Conj           7%         9d6       100%        7
 Ozocubu's Refrigeration  Ice            7%         4d9       100%        7
 Spellforged Servitor     Conj/Summ      7%         N/A       100%        7
 Borgnjor's Revivificati  Necr           7%         N/A       100%        8
 Ignition                 Fire           8%         3d5       100%        8
 Infestation              Necr           7%         N/A       100%        8
 Summon Horrible Things   Summ           7%         N/A       100%        8
 Chain Lightning          Conj/Air       10%        3d14      100%        9
 Death's Door             Necr           7%         N/A       100%        9
 Dragon's Call            Summ           7%         N/A       100%        9
 Fire Storm               Conj/Fire      7%         8d2       100%        9
 Polar Vortex             Ice            7%         N/A       100%        9
 Shatter                  Erth           7%         3d9*      100%        9


Dungeon Overview and Level Annotations

Branches:
Dungeon (15/15)            Temple (1/1) D:7            Lair (5/5) D:11
 Shoals (4/4) Lair:2       Spider (4/4) Lair:3        Slime (5/5) Lair:5
    Orc (2/2) D:12            Elf (3/3) Orc:2        Vaults (5/5) D:14
  Crypt (3/3) Vaults:2       Tomb (0/3) Crypt:3      Depths (4/4) D:15
    Zot (5/5) Depths:4      IceCv (visited)         Desolation (visited)

Altars:
Ashenzari
Cheibriados
Dithmenos
Elyvilon
Fedhas
Gozag
Hepliaklqana
Kikubaaqudgha
Makhleb
Nemelex Xobeh
Okawaru
Qazlal
Ru
Sif Muna
Trog
Uskayaw
Vehumet
Wu Jian
Xom
Yredelemnul
Zin
The Shining One
Jiyva

Shops:
D:11 *==:*====*?=*==   D:14 =*=(?   Orc:1 (((   Orc:2 ([:?   Elf:2 :[(
Shoals:1 (   Shoals:2 (   Vaults:1 (

Portals:
Hell: Depths:1 Depths:2 Depths:3 Depths:4
Abyss: Depths:1 Depths:3
Pandemonium: Depths:1 Depths:2
Ziggurat: Depths:3

Annotations:
Pan 1 transporter


Innate Abilities, Weirdness & Mutations

You are a lightning-filled tempest!
Your electrical attacks strike out in all directions at once.
You are incredibly evasive.
Your insubstantial body is immune to petrification, constriction, and being set on fire You are flying.
You are immune to poison.
((You have sharp claws.))
((You have razor-sharp teeth.))
You have supernaturally acute eyesight. (SInv)
((You cover ground quickly. (Speed+)))
((Your thick and shaggy fur keeps you warm. (AC +3, rC+)))
((Your paws help you pounce on unaware monsters.))
You are incapable of wielding weapons or throwing items.
You cannot wear armour.
You gain extra lives every three experience levels.
You are somewhat resistant to further mutation.
Your spells are a little harder to cast, but a little more powerful.
You occasionally lose the ability to read scrolls when taking damage.


Message History

You feel better.
You start resting.
HP restored.
There is a transporter here.
A divine shield forms around you!
You feel energetic enough to blinkbolt again.
You enter the transporter and appear at another place.
You hear a loud "Zot"!
The power of Zot is invoked against you!
You are heavily infused with residual magic.
The demonspawn blood saint completely misses you.
You buffet the demonspawn blood saint!
The demonspawn blood saint is lightly wounded.
The Hell Sentinel roars!
You blast the demonspawn blood saint!!!
Lightning courses through the demonspawn blood saint!
The demonspawn blood saint is severely wounded.
You hear a roar!
The demonspawn blood saint hits you but does no damage.
Aiming: Blinkbolt
Press: ? - help, Dir - move target, f - Hell Sentinel
Aim: a Hell Sentinel (fast, incited by Gozag, haloed, 99% to hit)
The shock of your passage hits the demonspawn blood saint!!!
You kill the demonspawn blood saint!
The Shining One accepts your kill.
The shock of your passage hits the Hell Sentinel.
The Hell Sentinel completely resists.
You blink.
You enter the Zot trap.
The power of Zot is invoked against you!
You suddenly lose the ability to move!
The Hell Sentinel hits you!! The Hell Sentinel hits you!
The Hell Sentinel gestures at you. The iron shot hits you!!!
* * * LOW HITPOINT WARNING * * *
The Hell Sentinel hits you!!
* * * LOW HITPOINT WARNING * * *
The Hell Sentinel hits you.
* * * LOW HITPOINT WARNING * * *
You hear a loud "Zot"!
The Hell Sentinel hits you!!
You die...

#.# ##....... #.# # .. ..
# #...##.. #.# ^ #... . .#
#..####. [.# #.#^ .#^ ^# #
#....... .## ##....2.^^^
.## #......# .# #.^##.#.#^
#.^# #......# .###
#..^^.^. ^..# #.#..###
...### #^.##1##..# #.#.##
# #....### #^..v..^# #...#
# ###....## #^^.)..^#
##.### # #####...##
#.^^§^..# ##..# #
#....))..## #########
##...# # ######....# #####
#....# #
##...#############...## #
##........©.......#.# ##
#..................######.
#.........................


You could see a Hell Sentinel (fast, incited) and a tormentor.

Vanquished Creatures
  Cerebov (Pan)
  the Royal Jelly (Slime:5)
  3 dread liches (Zot:5)
  3 ancient liches
  9 orbs of fire
  Josephina (Zot:4)
  Vv (Crypt:2)
  7 Killer Klowns (Zot:5)
  Frederick (Vaults:2)
  Saint Roka (Depths:1)
  Nikola (Spider:2)
  3 caustic shrikes (Depths:2)
  The ghost of Zoalos the Devastator, a veteran GrEE of Lugonu (Crypt:1)
  2 bone dragons
  12 golden dragons
  the Enchantress (Depths:2)
  2 doom hounds (Crypt:2)
  2 pandemonium lords (Pan)
  10 Brimstone Fiends (Pan)
  A Tzitzimitl (Pan)
  A hellephant (Abyss:3)
  The ghost of Cobiru the Severer, an adept MiFi of the Shining One (Elf:1)
  A Hell Sentinel (Pan)
  4 electric golems
  10 liches
  Zenata (Vaults:4)
  22 tentacled monstrosities
  The ghost of Vephes the Peltast, an adept HuWn of Okawaru (Shoals:2)
  A walking earthen tome (Depths:3)
  4 deep elf blademasters
  25 Orb Guardians (Zot:5)
  Grunn (Crypt:2)
  5 titans
  4 deep elf master archers
  10 quicksilver dragons
  28 acid blobs
  6 sphinxes
  A kraken (Shoals:2)
  5 ancient champions
  2 Executioners (Pan)
  Kirke (D:15)
  11 death cobs
  5 tengu reavers
  Aizul (Shoals:1)
  Donald (Vaults:3)
  3 draconian monks
  14 shadow dragons
  6 demonspawn warmongers (Pan)
  2 revenants
  18 storm dragons
  2 iron dragons (Depths:3)
  22 azure jellies
  10 rockslimes
  13 frost giants
  5 fire giants
  Louise (Spider:2)
  3 deep elf elementalists
  8 deep elf sorcerers
  8 ghost moths
  3 imperial myrmidons (Desolation)
  7 draconian scorchers
  15 balrugs
  A caustic shrike zombie (Crypt:1)
  5 orc warlords
  14 vault wardens
  5 draconian shifters
  28 very ugly things
  8 emperor scorpions
  3 ghouls (Crypt:1)
  The ghost of Gixudegec the Peltast, an adept OpEn of Cheibriados (Shoals:2)
  A juggernaut zombie (Crypt:1)
  4 draconian annihilators
  13 ironbound preservers
  3 curse skulls
  8 cacodemons (Pan)
  3 reapers
  4 spriggan defenders
  7 draconian stormcallers
  14 stone giants
  A juggernaut skeleton (Crypt:2)
  4 war gargoyles
  A demonspawn corrupter (Pan)
  25 quicksilver oozes
  2 ironbound thunderhulks
  8 formless jellyfish
  4 demonspawn blood saints (Pan)
  6 green draconians
  7 vampire knights
  6 deep elf demonologists
  5 black draconians
  4 demonspawn black suns (Pan)
  4 halazid warlocks (Desolation)
  5 red draconians
  12 deep elf annihilators
  13 yellow draconians
  A dire elephant (Vaults:4)
  3 lorocyprocas (Pan)
  A starcursed mass (Abyss:3)
  A minotaur (Elf:1)
  11 spark wasps
  4 purple draconians
  9 eidola
  13 white draconians
  2 merfolk javelineers
  2 blizzard demons (Pan)
  5 green deaths
  10 ettins
  16 yaktaur captains
  8 deep elf death magi
  7 jiangshi
  2 ragged hierophants (Desolation)
  8 merfolk impalers
  A crystal guardian (Vaults:4)
  4 ice dragons
  11 fire dragons
  A spriggan zombie (Crypt:3)
  3 hell beasts
  A quicksilver dragon skeleton (Crypt:2)
  A fenstrider witch zombie (Crypt:2)
  5 hydras
  14 great orbs of eyes
  13 peacekeepers
  5 deep elf high priests
  5 entropy weavers
  Fannar (D:11)
  32 vault guards
  4 spriggan air magi
  2 catoblepae
  3 rakshasas
  2 death knights
  12 servants of whispers (Desolation)
  5 ironbound frosthearts
  3 ogre magi
  The ghost of Unit the Zephyrmancer, a journeyman DgAE (Orc:1)
  2 jorogumos
  2 alligator snapping turtles
  12 centaur warriors
  Erica (D:10)
  12 two-headed ogres
  4 merfolk avatars
  A radroach (shapeshifter) (Depths:4)
  3 satyrs
  35 dancing weapons
  7 deep troll shamans
  A naga warrior (Elf:1)
  9 boulder beetles
  5 merfolk aquamancers (Shoals:4)
  15 demonic crawlers
  10 death yaks
  7 deep troll earth magi
  8 tengu warriors
  3 spriggan berserkers
  A bennu skeleton (Crypt:2)
  9 vampire magi
  An emperor scorpion zombie (Crypt:1)
  7 hell knights
  15 soul eaters
  5 thrashing horrors (Abyss:3)
  A fire crab (shapeshifter) (D:13)
  40 sun demons
  3 sun moths
  24 deep elf knights
  An iron giant zombie (Crypt:1)
  8 skysharks
  4 shadow wraiths
  9 iron trolls
  5 pharaoh ants
  A quicksilver dragon simulacrum (Crypt:2)
  18 skeletal warriors
  14 flayed ghosts
  14 sea snakes
  9 sixfirhies (Pan)
  9 orb spiders
  2 shadow demons (Pan)
  A goliath frog (Depths:1)
  A spriggan simulacrum (Crypt:2)
  57 deep trolls
  A shadow dragon zombie (Vaults:5)
  A spriggan druid (Depths:2)
  41 deep elf pyromancers
  3 lindwurms (Vaults:4)
  A kraken simulacrum (Shoals:4)
  A bunyip skeleton (Crypt:3)
  11 deep elf archers
  8 glowing orange brains
  17 orc knights
  12 phantasmal warriors
  17 ironbound convokers
  6 steelbarb worms
  25 harpies
  6 arcanists
  10 necromancers
  A fenstrider witch simulacrum (Crypt:1)
  3 tengu skeletons
  30 deep elf zephyrmancers
  34 ugly things
  2 orc sorcerers
  A shadow dragon skeleton (Crypt:2)
  18 manticores
  19 wolf spiders
  2 salamanders (Depths:1)
  6 shining eyes
  33 moths of wrath
  7 fauns
  11 cyclopes
  A centaur zombie (Crypt:1)
  2 iron dragon skeletons
  7 merfolk sirens
  7 eyes of devastation
  2 stone giant skeletons
  18 vault sentinels
  12 fire giant skeletons (Crypt:3)
  4 elephants
  5 black mambas
  3 guardian serpents (Desolation)
  13 cane toads
  16 smoke demons
  2 storm dragon simulacra
  3 water nymphs
  A hellion (Pan)
  Jeremiah (D:8)
  A centaur skeleton (Crypt:2)
  5 torpor snails
  Joseph (D:9)
  A titan simulacrum (Vaults:4)
  8 molten gargoyles
  Maggie (D:8)
  An alligator snapping turtle zombie (Crypt:1)
  5 gargoyles
  2 dire elephant skeletons (Crypt:1)
  20 orange demons (Pan)
  3 unseen horrors
  Psyche (D:8)
  A black draconian zombie (Crypt:2)
  9 komodo dragons
  8 freezing wraiths
  A yaktaur skeleton (Vaults:2)
  8 rime drakes
  2 tormentors (Pan)
  4 efreet
  25 yaktaurs
  7 tengu conjurers
  An unseen horror skeleton (Crypt:1)
  3 kobold demonologists
  A death yak zombie (Crypt:2)
  2 red devils (Pan)
  4 harpy zombies
  10 polar bears
  6 trolls
  4 meliai
  38 merfolk
  3 hellwings (Pan)
  An ancient zyme (Abyss:3)
  A raiju (Abyss:3)
  9 hornets
  8 wind drakes
  19 tarantellas
  13 dream sheep
  63 saltlings (Desolation)
  32 blink frogs
  5 glass eyes
  A snapping turtle (shapeshifter) (Depths:1)
  Prince Ribbit (D:7)
  A harpy skeleton (Abyss:3)
  An iron dragon simulacrum (Depths:1)
  29 jumping spiders
  5 air elementals
  3 ettin zombies (Crypt:1)
  16 snapping turtles
  An elf zombie (Vaults:5)
  An ettin skeleton (Crypt:2)
  119 slime creatures
  20 ynoxinuls
  A deep troll skeleton (Vaults:4)
  3 flying skulls (Crypt:1)
  5 shadows
  11 water elementals
  15 culicivoras
  58 yaks
  14 spriggans
  Sigmund (D:5)
  8 wraiths
  3 wyverns
  2 spriggan skeletons
  A black mamba skeleton (Crypt:3)
  2 culicivoras (shapeshifter) (Vaults:5)
  4 fire dragon skeletons (Crypt:3)
  2 fire bats (Depths:1)
  A hog (shapeshifter) (Vaults:5)
  6 hogs (D:15)
  8 vampires
  4 basilisks
  A death yak simulacrum (Lair:5)
  3 neqoxecs
  7 vampire mosquitoes
  A purple draconian simulacrum (Zot:4)
  53 redbacks
  10 chaos spawn
  2 wargs
  2 steam dragons
  13 large abominations
  A human simulacrum (Vaults:5)
  2 small abominations
  An acid dragon (D:11)
  20 water moccasins
  A naga skeleton (Crypt:2)
  3 moth of wrath simulacra (Zot:4)
  An ice beast (D:4)
  6 black bears
  An ogre skeleton (Vaults:2)
  37 orc warriors
  An ice beast (shapeshifter) (D:10)
  11 ogres
  4 sky beasts
  3 human zombies (Vaults:4)
  13 boggarts
  A tengu (shapeshifter) (D:14)
  40 wolves
  21 centaurs
  A swamp dragon skeleton (Crypt:3)
  A blink frog skeleton (Crypt:1)
  A phantom (Depths:1)
  3 kobold brigands
  12 bullfrogs
  5 gnoll sergeants
  8 scorpions
  4 earth elementals
  A necrophage (Crypt:1)
  A salamander skeleton (Crypt:2)
  A yak zombie (Crypt:2)
  11 killer bees
  3 electric eels
  5 howler monkeys
  3 hounds
  A quasit (Abyss:3)
  4 jellies
  15 orc priests
  A bullfrog skeleton (Crypt:1)
  A gnoll bouda (D:5)
  2 iron imps (Abyss:3)
  A sleepcap (D:3)
  5 iguanas
  21 orc wizards
  A hell rat (Depths:1)
  A wolf simulacrum (Lair:5)
  31 gnolls
  6 adders
  2 shadow imps (D:7)
  2 white imps
  6 ufetubi
  2 worms (Lair:3)
  2 dart slugs
  96 orcs
  6 ball pythons
  6 endoplasms
  5 giant cockroaches
  9 goblins
  9 hobgoblins
  5 jackals (D:1)
  8 quokkas
  3 bats
  3 frilled lizards
  6 kobolds
  6 rats
  2 butterflies (D:7)
  A fire vortex (Pan)
  A lurking horror (Abyss:3)
  A tentacle (Shoals:2)
2910 creatures vanquished.

Vanquished Creatures (collateral kills)
  A quicksilver ooze (Slime:5)
1 creature vanquished.

Vanquished Creatures (others)
  A ragged hierophant (Desolation)
  A merfolk aquamancer (Shoals:4)
  A deep elf knight (Elf:2)
  3 saltlings (Desolation)
  A slime creature (Slime:2)
  A redback (Spider:2)
  An orc (Orc:2)
  11 tentacles (Shoals:2)
20 creatures vanquished.

Grand Total: 2931 creatures vanquished

Notes
Turn   | Place    | Note
-------+----------+-------------------------------------------
     0 | D:1      | qlqlql the Felid Shapeshifter began the quest for the Orb.
     0 | D:1      | Reached XP level 1. HP: 9/9 MP: 2/2
   154 | D:1      | Reached XP level 2. HP: 9/12 MP: 3/3
   530 | D:1      | Reached XP level 3. HP: 15/15 MP: 4/4
   765 | D:1      | Found a faded altar of an unknown god.
   841 | D:2      | Identified the +1 robe of the Rambutan {Str+6}
  1270 | D:2      | Reached XP level 4. HP: 19/19 MP: 5/5
  1486 | D:3      | Found an ancient bone altar of Kikubaaqudgha.
  1490 | D:3      | Found a glowing golden altar of the Shining One.
  1494 | D:3      | Found a shadowy altar of Dithmenos.
  1494 | D:3      | Found a radiant altar of Vehumet.
  1500 | D:3      | Found a shimmering altar of Xom.
  2175 | D:4      | Reached skill level 1 in Stealth
  2359 | D:4      | Reached XP level 5. HP: 20/22 MP: 6/6
  2379 | D:4      | Reached skill level 4 in Shapeshifting
  3014 | D:5      | Entered Level 5 of the Dungeon
  3060 | D:5      | Noticed Sigmund
  3204 | D:5      | Noticed a centaur
  3208 | D:5      | Noticed a water moccasin
  3222 | D:4      | Killed a water moccasin
  3223 | D:4      | Gained mutation: You are covered in thick fur. (AC +2)
                  | [Felid growth]
  3223 | D:4      | Reached XP level 6. HP: 14/27 MP: 7/7
  3284 | D:5      | Noticed a two-headed ogre
  3391 | D:5      | Reached skill level 5 in Unarmed Combat
  3432 | D:5      | Noticed an ice beast
  3447 | D:4      | Slain by an ice beast
  3536 | D:5      | Killed Sigmund
  3537 | D:5      | Reached skill level 5 in Dodging
  3537 | D:5      | Reached XP level 7. HP: 31/31 MP: 8/8
  3612 | D:4      | HP: 1/46 [poisoned by a scorpion]
  3622 | D:4      | HP: 2/46 [poisoned by a scorpion]
  4082 | D:5      | Reached skill level 5 in Shapeshifting
  4082 | D:5      | Reached XP level 8. HP: 36/36 MP: 9/9
  4851 | D:6      | Reached skill level 5 in Stealth
  5213 | D:7      | Identified the "Hidip"
  5571 | D:7      | Reached XP level 9. HP: 31/40 MP: 8/10
  5625 | D:7      | Reached skill level 5 in Fighting
  5634 | D:7      | Reached skill level 6 in Shapeshifting
  5811 | D:7      | Found a staircase to the Ecumenical Temple.
  5925 | Temple   | Found a transporter.
  5925 | Temple   | Found a transporter.
  5925 | Temple   | Found a transporter.
  5925 | Temple   | Found a transporter.
  5925 | Temple   | Entered the Ecumenical Temple
  5951 | Temple   | Became a worshipper of Gozag Ym Sagoz the Greedy
  6032 | D:7      | Noticed Prince Ribbit
  6156 | D:7      | Found a sparkling altar of Nemelex Xobeh.
  6968 | D:8      | Noticed Psyche
  7230 | D:8      | Reached skill level 1 in Evocations
  7576 | D:8      | Noticed Jeremiah
  7772 | D:8      | Noticed Maggie
  8374 | D:8      | Identified a scroll of acquirement
  8402 | D:8      | Reached XP level 10. HP: 39/45 MP: 9/11
  8644 | D:8      | Reached skill level 7 in Shapeshifting
  9321 | D:9      | Noticed a two-headed ogre
  9335 | D:9      | Killed a two-headed ogre
  9336 | D:9      | Reached skill level 10 in Unarmed Combat
  9531 | D:9      | Reached XP level 11. HP: 39/50 MP: 9/12
  9856 | D:9      | Noticed Joseph
 10153 | D:10     | Entered Level 10 of the Dungeon
 10280 | D:10     | Noticed a two-headed ogre
 10293 | D:10     | Killed a two-headed ogre
 10547 | D:10     | Found a glowing silver altar of Zin.
 10584 | D:10     | Reached skill level 10 in Dodging
 10595 | D:10     | Reached skill level 8 in Shapeshifting
 10695 | D:10     | Noticed Erica
 10724 | D:10     | Killed from afar by Erica
 10744 | D:10     | Killed Erica
 10745 | D:10     | Reached skill level 5 in Evocations
 11629 | D:11     | Noticed Fannar
 11672 | D:11     | Noticed a boulder beetle
 11683 | D:11     | Noticed a two-headed ogre
 11691 | D:11     | Killed a two-headed ogre
 11911 | D:11     | Killed a boulder beetle
 11957 | D:11     | Found Mumpih's Assorted Antiques.
 11965 | D:11     | Bought a scroll labelled ULOFIEKHL ECACO for 31 gold pieces
 11965 | D:11     | Bought a scroll labelled ULOFIEKHL ECACO for 31 gold pieces
 11965 | D:11     | Bought a dented citrine amulet for 155 gold pieces
 11965 | D:11     | Bought an iron ring for 155 gold pieces
 12100 | D:11     | Found a staircase to the Lair.
 13017 | D:5      | Killed a two-headed ogre
 14250 | D:7      | Found a staircase to the Ecumenical Temple.
 14338 | D:7      | Found a sparkling altar of Nemelex Xobeh.
 14938 | D:7      | Killed Prince Ribbit
 17030 | D:8      | Killed Maggie
 17160 | D:8      | Killed Jeremiah
 17161 | D:8      | Gained mutation: Your thick and shaggy fur keeps you warm.
                  | (AC +3, rC+) [Felid growth]
 17161 | D:8      | Reached XP level 12. HP: 36/55 MP: 9/13
 17617 | D:8      | Killed Psyche
 18075 | D:9      | Killed Joseph
 18714 | D:12     | Identified the "Fenaom"
 18714 | D:12     | Identified the "Weypim"
 18714 | Lair:1   | Entered Level 1 of the Lair of Beasts
 19084 | Lair:1   | Reached skill level 9 in Shapeshifting
 20123 | Lair:2   | Found a staircase to the Shoals.
 20379 | Lair:2   | Noticed a catoblepas
 20400 | Lair:2   | Killed a catoblepas
 20507 | Lair:2   | Noticed a boulder beetle
 20546 | Lair:2   | Killed a boulder beetle
 20828 | Lair:2   | Noticed a death yak
 21562 | Lair:3   | Found a sparkling altar of Nemelex Xobeh.
 21655 | Lair:3   | Reached XP level 13. HP: 28/60 MP: 7/14
 22408 | Lair:3   | Found a hole to the Spider Nest.
 22441 | Lair:3   | Learned a level 4 spell: Olgreb's Toxic Radiance
 22445 | Lair:3   | Learned a level 3 spell: Ignite Poison
 22778 | Lair:4   | Reached skill level 1 in Poison Magic
 22778 | Lair:4   | Reached skill level 10 in Shapeshifting
 23660 | Lair:5   | Identified the "Xoolytimn"
 23660 | Lair:5   | Entered Level 5 of the Lair of Beasts
 23723 | Lair:5   | Found a frozen archway.
 23763 | IceCv    | Entered an ice cave
 24027 | IceCv    | Reached skill level 5 in Poison Magic
 24671 | IceCv    | HP: 3/61 [rime drake/icy flash freeze (20)]
 25060 | IceCv    | Noticed a frost giant
 25611 | IceCv    | Killed a frost giant
 26321 | Lair:5   | Mangled by a blink frog
 26498 | D:11     | Bought a scroll of teleportation for 99 gold pieces
 26498 | D:11     | Bought a notched ruby ring for 165 gold pieces
 26505 | D:11     | Bought a fuming dark potion for 29 gold pieces
 26505 | D:11     | Bought a fuming dark potion for 29 gold pieces
 26505 | D:11     | Bought a scroll labelled ETATTI GICAL for 33 gold pieces
 26505 | D:11     | Bought a cyan potion for 29 gold pieces
 26778 | D:12     | Reached XP level 14. HP: 65/65 MP: 6/15
 26855 | D:12     | Found a staircase to the Orcish Mines.
 26935 | Orc:1    | Entered Level 1 of the Orcish Mines
 26957 | D:12     | HP: 2/65 [deep elf pyromancer/+0 long sword (4)]
 26963 | D:12     | HP: 1/65 [something (3)]
 26963 | D:12     | Succumbed to miscasting Ignite Poison's poison
 27672 | D:12     | Reached skill level 11 in Shapeshifting
 28121 | D:12     | Found a staircase to the Orcish Mines.
 28419 | D:12     | Reached skill level 10 in Poison Magic
 28812 | Orc:1    | Reached skill level 1 in Transmutations
 28884 | Orc:1    | Found Cotoll's Antique Weapon Emporium.
 28884 | Orc:1    | Found Haluato's Antique Weapon Shoppe.
 28998 | Orc:1    | Found Pun Bisixecw's Weapon Emporium.
 29233 | Orc:1    | Found a runed translucent door.
 29236 | Orc:1    | Noticed Unit's ghost (journeyman DgAE)
 29292 | Orc:2    | Entered Level 2 of the Orcish Mines
 29707 | Orc:2    | Found a staircase to the Elven Halls.
 30454 | D:11     | Bought a scroll of teleportation for 45 gold pieces
 30454 | D:11     | Acquired 911 gold pieces
 30540 | D:11     | Bought the amulet "Fynoech" {Faith Regen+ Int+8 Dex-3} for
                  | 862 gold pieces
 31063 | Orc:2    | Reached skill level 1 in Fire Magic
 31609 | Orc:2    | Found Ischah's Book Shop.
 31609 | Orc:2    | Found Gaf Gouci's Antique Armour Emporium.
 31612 | Orc:2    | Found Nowkann's Antique Weapon Shoppe.
 31614 | Orc:2    | Found Oshrappoe's Magic Scroll Boutique.
 31626 | Orc:2    | Bought a scroll of blinking for 90 gold pieces
 31626 | Orc:2    | Bought a scroll of teleportation for 36 gold pieces
 31626 | Orc:2    | Bought a scroll of summoning for 114 gold pieces
 31688 | Orc:2    | Reached skill level 1 in Spellcasting
 31713 | Orc:2    | Reached skill level 12 in Shapeshifting
 32653 | D:13     | You fall into a shaft and drop 1 floor!
 32942 | D:14     | Found Qocuiclo's Assorted Antiques.
 32954 | D:14     | Bought a scroll labelled ULOFIEKHL ECACO for 32 gold pieces
 33032 | D:14     | Paralysed by an ogre mage for 5 turns
 33183 | D:14     | Reached skill level 13 in Shapeshifting
 33310 | D:14     | Found Feliobong's Weapon Boutique.
 33354 | D:14     | Found Apenif's Magic Scroll Boutique.
 33362 | D:14     | Bought a scroll of fear for 48 gold pieces
 33362 | D:14     | Bought a scroll of fear for 48 gold pieces
 33491 | D:14     | Found a gate to the Vaults.
 33515 | D:14     | Found Pixtar's Jewellery Shoppe.
 33764 | D:14     | Reached XP level 15. HP: 69/69 MP: 17/22
 33821 | D:14     | Found Yggum's Jewellery Boutique.
 34136 | D:15     | Entered Level 15 of the Dungeon
 34446 | D:15     | Identified the +5 mace of the Onslaught {elec, rPois rC-
                  | Dex+7 Stlth+}
 35004 | D:15     | Noticed Kirke
 35061 | D:15     | Killed Kirke
 35746 | D:15     | Reached skill level 14 in Shapeshifting
 35845 | D:15     | Found a staircase to the Depths.
 35855 | D:15     | Reached skill level 5 in Spellcasting
 36868 | D:15     | Found a staircase to the Depths.
 37811 | D:11     | Killed Fannar
 38539 | Lair:5   | Reached skill level 15 in Shapeshifting
 39702 | Lair:5   | Reached skill level 16 in Shapeshifting
 40034 | Lair:5   | Found a staircase to the Slime Pits.
 40035 | Lair:5   | Found a viscous altar of Jiyva.
 40700 | D:13     | Reached skill level 10 in Fighting
 42301 | Lair:2   | Found a staircase to the Shoals.
 42996 | Lair:2   | Found a staircase to the Shoals.
 43654 | Lair:2   | Found a staircase to the Shoals.
 43946 | Lair:3   | Found a sparkling altar of Nemelex Xobeh.
 44217 | Lair:3   | Found a hole to the Spider Nest.
 45728 | Lair:5   | Found a viscous altar of Jiyva.
 45729 | Lair:5   | Found a staircase to the Slime Pits.
 46231 | Spider:1 | Entered Level 1 of the Spider Nest
 46240 | Lair:3   | Reached XP level 16. HP: 70/73 MP: 21/25
 48192 | Spider:2 | Noticed Nikola
 48472 | Spider:2 | Noticed Louise
 48565 | Spider:2 | Paralysed by a jorogumo for 3 turns
 49220 | Spider:2 | Killed Louise
 50670 | Spider:4 | Entered Level 4 of the Spider Nest
 51570 | Spider:4 | Reached XP level 17. HP: 69/78 MP: 12/28
 52477 | Spider:4 | Reached skill level 17 in Shapeshifting
 52632 | Spider:4 | Reached skill level 15 in Dodging
 52839 | Spider:4 | Found the +3 crown of Dyrovepreva {rElec Int+2 SInv}
 52882 | Spider:4 | Got a gossamer rune of Zot
 53651 | Shoals:1 | Entered Level 1 of the Shoals
 53814 | Shoals:1 | Found Byoxzat's Antique Weapon Emporium.
 53940 | Shoals:1 | Reached skill level 15 in Unarmed Combat
 54987 | Shoals:1 | Identified the serpent talisman of Laodik {Dex+2}
 54987 | Shoals:1 | Noticed Aizul
 55000 | Shoals:1 | Killed Aizul
 55791 | Shoals:1 | Noticed a titan
 55911 | Shoals:2 | Found Midonyni's Weapon Shop.
 56927 | Shoals:2 | Found a runed translucent gate.
 56927 | Shoals:2 | Found a runed translucent gate.
 56928 | Shoals:2 | Found a runed translucent gate.
 57035 | Shoals:2 | Noticed Vephes's ghost (adept HuWn)
 57035 | Shoals:2 | Noticed Gixudegec's ghost (adept OpEn)
 57392 | Shoals:2 | Noticed a kraken
 57876 | Shoals:2 | Killed a kraken
 58813 | Shoals:3 | Reached XP level 18. HP: 84/84 MP: 10/31
 59310 | Shoals:4 | Entered Level 4 of the Shoals
 60005 | Shoals:4 | Identified the +1 sling "Ifadetao" {heavy, rF- rCorr
                  | Stlth+}
 60800 | Shoals:4 | Got a barnacled rune of Zot
 61337 | Spider:2 | Killed Nikola
 61914 | Shoals:1 | Reached skill level 18 in Shapeshifting
 62238 | Desolati | Identified the "Ejeiluun"
 62238 | Desolati | Identified the "Wetuxzo"
 62238 | Desolati | Identified the "Cagoreum"
 62238 | Vaults:5 | Identified the "Neorac"
 62238 | Crypt:2  | Identified the "Qoaf"
 62238 | Crypt:2  | Identified the of Tetyajifey
 62238 | Depths:3 | Identified the "Wookofeh"
 62238 | Depths:3 | Identified the "Acisugeh"
 62238 | Elf:1    | Identified the of Macec
 62238 | Elf:1    | Entered Level 1 of the Elven Halls
 62718 | Elf:1    | Paralysed by an air elemental for 1 turns
 63555 | Elf:1    | Found a runed translucent gate.
 63555 | Elf:1    | Found a runed translucent gate.
 63555 | Elf:1    | Found a runed translucent gate.
 63556 | Elf:1    | Identified the +0 chain mail "Kuohocri" {rN+}
 63557 | Elf:1    | Noticed Cobiru's ghost (adept MiFi)
 63567 | Elf:1    | Found an iron altar of Okawaru.
 63714 | Elf:2    | Reached skill level 10 in Spellcasting
 63743 | Elf:2    | Found a shimmering blue altar of Sif Muna.
 63890 | Elf:2    | Found Kops's Antique Armour Boutique.
 63895 | Elf:2    | Found Citeudgh's Book Boutique.
 64403 | Elf:2    | Reached XP level 19. HP: 90/90 MP: 29/34
 64511 | Elf:3    | Entered Level 3 of the Elven Halls
 64520 | Elf:2    | Found Hoel's Weapon Shoppe.
 64522 | Elf:2    | Paralysed by an air elemental for 1 turns
 64868 | Elf:2    | Found a runed translucent gate.
 64868 | Elf:2    | Found a runed translucent gate.
 64869 | Elf:2    | Found a runed translucent gate.
 66530 | Elf:3    | Paralysed by an air elemental for 1 turns
 67886 | Elf:3    | Identified the +1 scimitar "Syriar" {heavy, rC- Str+4
                  | Dex+4}
 67886 | Elf:3    | Identified the ring of Numyel {Wiz Fly MP+9 Dex+3}
 67900 | Elf:3    | Identified the staff "Uvofi" {rPois rF+ SInv Fire}
 67912 | Elf:3    | Identified the +2 flail "No More Talking" {flame, rC+
                  | Stlth+}
 67926 | Abyss:3  | Cast into level 3 of the Abyss (a deep elf sorcerer)
 68172 | Abyss:3  | Found a corrupted altar of Lugonu.
 68218 | Abyss:3  | Learned a level 2 spell: Passwall
 68220 | Abyss:3  | Learned a level 1 spell: Apportation
 68257 | Abyss:3  | Noticed a bone dragon
 68271 | Abyss:3  | Killed a bone dragon
 68530 | Abyss:3  | Reached skill level 19 in Shapeshifting
 68603 | Abyss:3  | Noticed a hellephant
 68634 | Abyss:3  | Killed a hellephant
 68643 | Elf:3    | Escaped the Abyss
 68649 | Elf:3    | Reached XP level 20. HP: 96/96 MP: 18/36
 69222 | Elf:3    | Found the +2 shield of Resistance {rF++ rC++ Will++}
 69274 | Elf:3    | Identified the staff "Guethrud" {rN+ Str+5 Necro}
 70137 | Orc:1    | Killed Unit's ghost
 70237 | Vaults:1 | Entered Level 1 of the Vaults
 70341 | Vaults:1 | Found Fyppeck's Antique Weapon Emporium.
 70763 | Vaults:1 | Reached skill level 15 in Fighting
 71552 | Vaults:2 | Noticed Frederick
 71638 | Vaults:2 | Killed Frederick
 72697 | Vaults:2 | Found a staircase to the Crypt.
 72697 | Vaults:2 | Found an ancient bone altar of Kikubaaqudgha.
 72697 | Vaults:2 | Found a basalt altar of Yredelemnul.
 73170 | Vaults:3 | You fall into a shaft and drop 1 floor!
 73174 | Vaults:4 | Reached skill level 20 in Shapeshifting
 73375 | Vaults:4 | Noticed Zenata
 73459 | Vaults:4 | Reached XP level 21. HP: 100/100 MP: 33/38
 73510 | Vaults:4 | Found a crumbling gateway.
 73524 | Desolati | Entered the Desolation of Salt
 73570 | Desolati | Reached skill level 21 in Shapeshifting
 73853 | Desolati | Identified the ring "Xoahong" {Fly rPois Str+3 Stlth-}
 73866 | Desolati | Found the +7 great mace "Firestarter" {flame, immolate,
                  | rFlCloud rF++}
 73960 | Desolati | Identified the amulet "Doylul" {Spirit rPois Str-3 Int+3}
 74248 | Desolati | Identified the amulet "Jeumenk" {Acrobat Will+}
 74343 | Desolati | Reached skill level 22 in Shapeshifting
 75208 | Vaults:4 | Killed Zenata
 76881 | Vaults:3 | Reached skill level 23 in Shapeshifting
 77384 | Vaults:3 | Noticed Donald
 77389 | Vaults:3 | Killed Donald
 77748 | D:11     | Bought a book of the Warp for 756 gold pieces
 77751 | D:11     | Learned a level 2 spell: Blink
 77755 | D:11     | Learned a level 3 spell: Swiftness
 77760 | D:11     | Learned a level 4 spell: Manifold Assault
 77765 | D:11     | Learned a level 4 spell: Passage of Golubria
 77863 | Slime:1  | Entered Level 1 of the Pits of Slime
 78074 | Slime:1  | Reached skill level 1 in Translocations
 78116 | Slime:2  | Reached XP level 22. HP: 104/105 MP: 39/39
 78183 | Slime:2  | Reached skill level 1 in Air Magic
 78814 | Slime:1  | You are sucked into a shaft and drop 1 floor!
 78891 | Slime:1  | Reached skill level 10 in Stealth
 79814 | Slime:2  | Killed from afar by an acid blob
 80165 | Slime:2  | Reached skill level 5 in Translocations
 81523 | Slime:5  | Entered Level 5 of the Pits of Slime
 81802 | Slime:5  | Found a viscous altar of Jiyva.
 81803 | Slime:5  | Noticed the Royal Jelly
 83045 | Slime:5  | Mangled by an azure jelly
 83285 | Slime:5  | Found the brooch of Shielding {Spirit SH+8}
 83801 | Vaults:5 | Entered Level 5 of the Vaults
 84365 | Vaults:5 | Identified the +9 sling of Pestilence {drain, rElec rC+
                  | Int+2}
 84399 | Vaults:5 | Identified the +5 rapier "Xiunyiv" {elec, rElec rC+ Dex+3}
 84692 | Vaults:5 | Found the +8 mithril axe "Arga" {speed, Will+}
 84792 | Vaults:5 | Reached XP level 23. HP: 110/110 MP: 25/40
 85424 | Vaults:5 | Identified the +4 flail "Ekkuheed" {freeze, rC+ Will+}
 85427 | Vaults:5 | Identified the +9 glaive "Tifestro" {flame, rF- Int+5}
 86380 | Vaults:5 | Got a silver rune of Zot
 86716 | Vaults:5 | Identified the +0 ring mail of Duty {*Corrode rElec rC+}
 87952 | Depths:1 | Entered Level 1 of the Depths
 88206 | Depths:1 | Noticed Saint Roka
 88228 | Depths:1 | Killed Saint Roka
 88791 | Depths:1 | Found a one-way gate to the infinite horrors of the Abyss.
 88802 | Depths:1 | Reached skill level 10 in Translocations
 89042 | Depths:1 | Found a runed translucent gate.
 89042 | Depths:1 | Found a runed translucent gate.
 89042 | Depths:1 | Found a runed translucent gate.
 89179 | Depths:1 | Found a one-way gate leading to the halls of Pandemonium.
 89842 | Depths:1 | Found a gateway to Hell.
 90044 | Depths:2 | Noticed a caustic shrike
 90044 | Depths:2 | Noticed a caustic shrike
 90050 | Depths:2 | Noticed the Enchantress
 90054 | Depths:2 | Noticed a caustic shrike
 90055 | Depths:2 | Killed the Enchantress
 90243 | Depths:2 | Reached skill level 24 in Shapeshifting
 90579 | Depths:2 | Killed a caustic shrike
 90580 | Depths:2 | Reached XP level 24. HP: 115/115 MP: 10/41
 92043 | Depths:3 | Found a one-way gateway to a ziggurat.
 93591 | Depths:4 | Entered Level 4 of the Depths
 93949 | Depths:4 | Found a flickering gateway to a bazaar.
 93989 | Bazaar   | Entered a bazaar
 94034 | Bazaar   | Found Rehyat's Jewellery Boutique.
 94056 | Bazaar   | Found Udyopat's Antique Armour Emporium.
 94077 | Bazaar   | Found Toall's Book Boutique.
 94097 | Bazaar   | Found Jifaoh's Jewellery Shoppe.
 95119 | Depths:4 | Found a gate to the Realm of Zot.
 95377 | D:11     | Bought a scroll of teleportation for 39 gold pieces
 95377 | D:11     | Bought a potion of brilliance for 52 gold pieces
 95381 | D:11     | Bought the ring of Vybijuc {rC+ rCorr Str+3 Int+3} for 1104
                  | gold pieces
 95394 | D:11     | Bought the ring "Lisas" {rC+ Int+3 Dex+6} for 1069 gold
                  | pieces
 96372 | D:14     | Bought the ring of Xois {Wiz rF++} for 654 gold pieces
 96606 | Slime:5  | Killed the Royal Jelly
 97052 | Slime:5  | Reached skill level 15 in Stealth
 97407 | Slime:5  | Got a slimy rune of Zot
 97466 | Slime:5  | Identified the staff of the Magi {rElec Int+3 Air}
 97478 | Slime:5  | Identified the amulet "Loajics" {Acrobat Rampage}
 98804 | Zot:1    | Entered Level 1 of the Realm of Zot
 99013 | Zot:1    | Reached XP level 25. HP: 121/121 MP: 26/42
 99309 | Zot:1    | HP: 5/118 [golden dragon (11)]
 99778 | Zot:1    | Reached skill level 25 in Shapeshifting
101221 | Zot:2    | Noticed an orb of fire
101226 | Zot:2    | Gained mutation: You occasionally lose the ability to drink
                  | potions when taking damage. [an orb of fire]
101227 | Zot:2    | Gained mutation: You are dopey. (Int -2) [an orb of fire]
101232 | Zot:2    | Killed an orb of fire
103596 | Zot:3    | Noticed an orb of fire
103773 | Zot:3    | Reached skill level 1 in Hexes
104038 | Zot:3    | Killed an orb of fire
104639 | Zot:4    | Reached skill level 15 in Spellcasting
105915 | Zot:4    | Reached XP level 26. HP: 126/126 MP: 27/43
106685 | Zot:4    | Reached skill level 5 in Hexes
106689 | Zot:4    | Identified the ring "Dusa" {Ice rPois rCorr Int-3 Dex-2}
106689 | Zot:4    | Noticed Josephina
106698 | Zot:4    | Killed Josephina
107212 | Zot:5    | Entered Level 5 of the Realm of Zot
107385 | Zot:5    | Noticed an orb of fire
107387 | Zot:5    | Reached skill level 15 in Translocations
107435 | Zot:5    | Gained mutation: You sometimes lose the ability to drink
                  | potions when taking damage. [an orb of fire]
107446 | Zot:5    | Killed an orb of fire
107591 | Zot:5    | Noticed an orb of fire
107594 | Zot:5    | Gained mutation: Your magical capacity is low. (-10% MP)
                  | [an orb of fire]
107596 | Zot:5    | Gained mutation: You are frail. (-10% HP) [an orb of fire]
107600 | Zot:5    | Gained mutation: You sometimes lose your temper in combat.
                  | [an orb of fire]
107602 | Zot:5    | Gained mutation: You do not regenerate when monsters are
                  | visible. [an orb of fire]
107603 | Zot:5    | Gained mutation: You are weak. (Str -2) [an orb of fire]
107605 | Zot:5    | Killed an orb of fire
107606 | Zot:5    | Reached skill level 26 in Shapeshifting
107817 | Zot:5    | Noticed an orb of fire
108113 | Zot:5    | Killed an orb of fire
108809 | Zot:5    | Noticed an orb of fire
108827 | Zot:5    | Killed an orb of fire
109228 | Zot:5    | Noticed a dread lich
109233 | Zot:5    | Killed a dread lich
109345 | Zot:5    | Noticed an ancient lich
109430 | Zot:5    | Killed an ancient lich
109430 | Zot:5    | Noticed an orb of fire
109437 | Zot:5    | Killed an orb of fire
109530 | Zot:5    | Learned a level 5 spell: Yara's Violent Unravelling
109538 | Zot:5    | Learned a level 7 spell: Enfeeble
109565 | Zot:5    | Noticed an orb of fire
109566 | Zot:5    | Noticed a dread lich
109578 | Zot:5    | Killed an orb of fire
109587 | Zot:5    | Killed a dread lich
109671 | Zot:5    | Noticed an orb of fire
109680 | Zot:5    | Killed an orb of fire
109687 | Zot:5    | Noticed an ancient lich
109841 | Zot:5    | Killed an ancient lich
110290 | Zot:5    | Noticed a dread lich
110295 | Zot:5    | Killed a dread lich
111748 | Lair:1   | Lost mutation: You are dopey. (Int -2) [potion of mutation]
111748 | Lair:1   | Lost mutation: You sometimes lose your temper in combat.
                  | [potion of mutation]
111748 | Lair:1   | Lost mutation: You do not regenerate when monsters are
                  | visible. [potion of mutation]
111748 | Lair:1   | Lost mutation: You are weak. (Str -2) [potion of mutation]
111748 | Lair:1   | Gained mutation: You possess an exceptional clarity of
                  | mind. [potion of mutation]
111749 | Lair:1   | Lost mutation: You sometimes lose the ability to drink
                  | potions when taking damage. [potion of mutation]
111749 | Lair:1   | Lost mutation: You occasionally lose the ability to drink
                  | potions when taking damage. [potion of mutation]
111749 | Lair:1   | Lost mutation: You are frail. (-10% HP) [potion of
                  | mutation]
111749 | Lair:1   | Gained mutation: Potions are less effective at restoring
                  | your health. [potion of mutation]
111749 | Lair:1   | Gained mutation: You occasionally lose the ability to read
                  | scrolls when taking damage. [potion of mutation]
111749 | Lair:1   | Gained mutation: You are occasionally teleported next to
                  | monsters. [potion of mutation]
111750 | Lair:1   | Lost mutation: You are occasionally teleported next to
                  | monsters. [potion of mutation]
111750 | Lair:1   | Lost mutation: You possess an exceptional clarity of mind.
                  | [potion of mutation]
111750 | Lair:1   | Gained mutation: Your mind is acute. (Int +4, Str/Dex -1)
                  | [potion of mutation]
111750 | Lair:1   | Gained mutation: You are somewhat resistant to further
                  | mutation. [potion of mutation]
111751 | Lair:1   | Lost mutation: Your magical capacity is low. (-10% MP)
                  | [potion of mutation]
111751 | Lair:1   | Lost mutation: Potions are less effective at restoring your
                  | health. [potion of mutation]
111751 | Lair:1   | Gained mutation: Your spells are a little harder to cast,
                  | but a little more powerful. [potion of mutation]
111953 | D:3      | Fell from the grace of Gozag
111953 | D:3      | Became a worshipper of the Shining One
112287 | Crypt:1  | Entered Level 1 of the Crypt
112296 | Crypt:1  | Reached * piety under the Shining One
112305 | Crypt:1  | Reached skill level 1 in Invocations
112341 | Crypt:1  | Reached ** piety under the Shining One
112350 | Crypt:1  | Reached XP level 27. HP: 119/132 MP: 43/43
112373 | Crypt:1  | Reached *** piety under the Shining One
112539 | Crypt:1  | Identified the +7 broad axe "Arcanum" {antimagic, *Rage
                  | rN++ Dex+3 SInv}
112592 | Crypt:1  | Reached **** piety under the Shining One
112680 | Crypt:1  | Reached ***** piety under the Shining One
112735 | Crypt:1  | Found a runed translucent gate.
112740 | Crypt:1  | Found a runed translucent gate.
112741 | Crypt:1  | Found a runed translucent gate.
112742 | Crypt:1  | Noticed Zoalos's ghost (veteran GrEE)
112751 | Crypt:1  | Identified the +0 short sword of the Warrior {pain, rC+
                  | Int+4}
113141 | Crypt:1  | Killed Zoalos's ghost
113144 | Crypt:1  | Reached skill level 10 in Hexes
113154 | Crypt:1  | Identified the +1 cloak of the Moon {rPois}
113217 | Crypt:2  | Reached ****** piety under the Shining One
113414 | Crypt:2  | Reached skill level 5 in Invocations
113463 | Crypt:2  | Acquired 1201 gold pieces
113528 | Crypt:2  | Noticed Grunn
113540 | Crypt:2  | Killed Grunn
113931 | Crypt:2  | Learned a level 4 spell: Vhi's Electric Charge
113965 | Crypt:2  | Noticed Vv
113984 | Crypt:2  | Killed Vv
114141 | Crypt:3  | Entered Level 3 of the Crypt
114804 | Crypt:3  | Identified the amulet "Wipha" {Regen+ Str+6}
114804 | Crypt:3  | Identified the ring of Kauzah {rC++ rN+}
115350 | Crypt:3  | Identified the ring of Fuliycs {*Corrode rElec rN+ Int+8
                  | Dex-3}
115575 | Crypt:3  | Found a staircase to the Tomb.
115586 | Crypt:3  | Reached skill level 10 in Invocations
115662 | Crypt:3  | Noticed an ancient lich
115672 | Crypt:3  | Killed an ancient lich
116428 | Shoals:2 | Killed Gixudegec's ghost
116433 | Shoals:2 | Killed Vephes's ghost
116781 | Elf:1    | Killed Cobiru's ghost
117150 | Tomb:1   | Identified the of Sozupoir
117150 | Tomb:3   | Identified the "Laehopt"
117150 | Tar:7    | Identified the "Yrphosikk"
117150 | Tar:7    | Identified the "Ymarabull"
117150 | Coc:7    | Identified the "Xan Qeoh"
117150 | Dis:7    | Identified the "Qutzem"
117150 | Dis:7    | Identified the "Seff"
117150 | Dis:7    | Identified the "Weemo"
117150 | Geh:7    | Identified the "Leil"
117150 | Geh:7    | Identified the of Kugyext
117150 | Pan      | Entered Pandemonium
117155 | Pan      | Found a huge runed translucent gate.
117157 | Pan      | Found a huge runed translucent gate.
117158 | Pan      | Found a huge runed translucent gate.
117158 | Pan      | Found a huge runed translucent gate.
117158 | Pan      | Found a huge runed translucent gate.
118258 | Pan      | Found a huge runed translucent gate.
118258 | Pan      | Found a huge runed translucent gate.
118263 | Pan      | Noticed Zizoziv the pandemonium lord
118284 | Pan      | Killed Zizoziv the pandemonium lord
118360 | Pan      | Identified the "Hudd"
118360 | Pan      | Identified the "Finliex"
118360 | Pan      | Entered the realm of Cerebov.
118622 | Pan      | Identified the +7 battleaxe "Nilyaf" {heavy, +Blink Int+4}
119080 | Pan      | Found the +6 sword of Cerebov {flame}
119080 | Pan      | Noticed Cerebov
119090 | Pan      | HP: 1/133 [hellion/damnation[Cerebov] (19)]
119090 | Pan      | Killed from afar by a balrug
119182 | Pan      | Identified the +1 robe of Uxoesko {Fly rElec Will+ Stlth+}
119182 | Pan      | Identified the ring of Delecy {rC+ rN+ Will+ Dex-2 Stlth+}
119305 | Pan      | Slain by Cerebov
119318 | Pan      | Killed Cerebov
119480 | Pan      | Got a fiery rune of Zot
119503 | Pan      | Identified the +10 flail of Peril {antimagic, rPois Str-3
                  | Int+2 SInv}
119560 | Pan      | Identified the ring "Qehib" {rElec Will+ Str-2 Slay+3}
119783 | Pan      | Noticed Hyawn the pandemonium lord
119800 | Pan      | Killed Hyawn the pandemonium lord
120370 | Pan      | Found an exit through the horrors of the Abyss.
120370 | Pan      | Found a transporter.
120638 | Pan      | Found a transporter.
120819 | Pan      | Paralysed by a Zot trap for 3 turns
120851 | Pan      | Lost mutation: Your mind is acute. (Int +4, Str/Dex -1)
                  | [mutagenic glow]
120893 | Pan      | Paralysed by a Zot trap for 5 turns
120894 | Pan      | HP: 2/133 [Hell Sentinel (5)]
120895 | Pan      | Demolished by a Hell Sentinel

Illustrated notes

Levels and vault maps discovered:
D:1:      tarquinn_simple_flora_water_c, layout_rooms,
          dilly_ecumenical_altar_fadedgnrine, minmay_misc_feat_five,
          minivault_25, minmay_indecisive_spiral
D:2:      layout_rooms, guppyfry_early_orc_mine
D:3:      layout_basic, nicolae_overflow_hallway_of_the_gods
D:4:      layout_loops_ring
D:5:      minmay_diamond_boxcup, layout_rooms, uniq_sigmund
D:6:      layout_basic, chequers_decorated_corner
D:7:      minmay_polygon_palace, layout_loops_ring,
          mainiacjoe_overflow_small_starburst, minmay_temple_entry_butterflies,
          minivault_14, uniq_prince_ribbit1
D:8:      layout_loops_ring, uniq_psyche, uniq_jeremiah, uniq_maggie
D:9:      layout_grid_maze, uniq_joseph
D:10:     layout_irregular_city, mainiacjoe_overflow_alcove_2, uniq_erica
D:11:     layout_stronghold, lair_entry_dummy, serial_shops,
          nicolae_shop_tiny_statue_garden, nicolae_figureground_sparkle,
          uniq_fannar
D:12:     layout_irregular_city, kennysheep_orc_monster_closet_entryway,
          minmay_the_grid_square_5x5_3x3_mashed
          [minmay_the_grid_square_5x5_intrusive_squares,
          minmay_the_grid_square_5x5_fat_x, minmay_the_grid_square_5x5_lines,
          minmay_the_grid_square_5x5_bracketed,
          minmay_the_grid_square_5x5_megaprize_diamond,
          minmay_the_grid_square_5x5_two_small,
          minmay_the_grid_square_5x5_trominoes,
          minmay_the_grid_square_5x5_bridge, minmay_the_grid_square_5x5_plus]
D:13:     layout_basic, minmay_increasing_density
D:14:     layout_roguey, david_vaults_2, serial_shops,
          nicolae_shop_back_alley_shop, shop, nicolae_lakefront_shop,
          nicolae_shop_statue_plus, nicolae_shop_competitors_out_of_business,
          serial_bayou_pond_e, minivault_4
D:15:     hellmonk_depths_entry_around_the_bend, layout_layer_cave, minivault_8,
          uniq_kirke
Temple:   hellmonk_temple_divided_pantheon
Lair:1:   layout_hall_layers, grunt_megastairs_1
Lair:2:   nzn_winding_woodlands_small [nzn_winding_woodlands_5x15_pockets,
          nzn_winding_woodlands_center_triple_pond,
          nzn_winding_woodlands_5x15_sidewinder], layout_long_grid,
          nicolae_shoals_entry_roost, serial_bayou_pond_e
Lair:3:   layout_cave_pods, nicolae_spider_entry_non_spiders, basic_altar
Lair:4:   layout_cave_pods
Lair:5:   minmay_lair_end_enchanted_forest, layout_regular_city,
          minmay_slime_entry_pillars, portal_ice_cave_entry_ice_simulacra,
          minmay_hedge_maze
Shoals:1: cheibrodos_shoals_gigantism, layout_shoals, serial_shops,
          nicolae_shop_trees, uniq_aizul
Shoals:2: layout_shoals, serial_shops, nicolae_shop_statue_plus,
          gammafunk_ghost_cemetery
Shoals:3: layout_shoals
Shoals:4: shoals_end_grunt_ice, layout_shoals
Spider:1: layout_spider_delve, nicolae_spider_moth_buddies
Spider:2: layout_cave_pods, uniq_louise, uniq_nikola
Spider:3: layout_spider_delve, nicolae_spider_eight_legs
Spider:4: guppyfry_spider_rune
Slime:1:  layout_caves, nicolae_slime_barrier
Slime:2:  layout_caves
Slime:3:  layout_caves
Slime:4:  layout_caves
Slime:5:  slime_pit_nicolae_block_by_block
Orc:1:    layout_caves, ebering_ghost_inner_flame, serial_shops, shop,
          nicolae_shop_bloodbath_and_beyond, shop
Orc:2:    st_orc_rangers, layout_caves
Elf:1:    eino_elf_arrival_customs, layout_geoelf_grid,
          gammafunk_ghost_fury_of_okawaru, minmay_elf_sorcery
Elf:2:    nicolae_elf_blades_splatter_lattice
          [nicolae_blade_entry_sentries_behind_glass], layout_gridlike,
          serial_shops, shop, basic_altar, minmay_shop_star
Elf:3:    elf_hall, layout_loops_cross
Vaults:1: vaults_mumra_minichess, v_misc_30, vaults_room_pool,
          nicolae_vaults_prndl, layout_vaults_quadrants, serial_shops, shop
Vaults:2: vaults_room_stairs_pillars, v_rooms_4, v_rooms_2, v_alt_pattern_1,
          minmay_crypt_entry_necro_gods, v_misc_3,
          nicolae_vaults_sesquioval_fish, nicolae_vaults_diamond_2,
          serial_ice_b, vaults_dpeg_emergency_exit, layout_vaults_omnicross,
          uniq_margery, uniq_frederick
Vaults:3: nicolae_vaults_little_squares_5, nicolae_vaults_lightning_bolt,
          vaults_room_ringed_pool, v_misc_16, vaults_mumra_chevron, v_misc_26,
          nicolae_vaults_hexular_roomagon, vaults_mumra_chevron_long,
          ontoclasm_vaults_pinch, vaults_mumra_lcd, vaults_room_pools,
          layout_vaults_chaotic_city, uniq_donald
Vaults:4: portal_desolation_entry_twin_temple,
          nicolae_vaults_trapezoid_lopsided_3, nicolae_vaults_apartment_2,
          grunt_vaults_focal, nicolae_vaults_little_ls, nicolae_vaults_meiosis,
          nicolae_vaults_storage_closets_2, v_misc_24, serial_ice_g,
          nicolae_vaults_border_crossing, nicolae_vaults_shipping_containers_3,
          vaults_room_fancy_cross, nicolae_vaults_closet_pinwheel_5,
          hangedman_vaults_restitches, v_rooms_3, nicolae_vaults_apartment_1,
          vaults_dpeg_hooks, layout_vaults_ring, uniq_zenata
Vaults:5
Crypt:1:  layout_misc_corridors, gammafunk_ghost_split
Crypt:2:  layout_misc_corridors, grunt_ministairs_15,
          small_chamber_with_monster, uniq_vv, uniq_grunn
Crypt:3:  quadcrypt_mu
Depths:1: grunt_bruiser_brothers, layout_basic, abyss_entry, hell_entry,
          rand_demon_pan_entry_1, pandoras_box_mu, uniq_saint_roka
Depths:2: tekkud_shrikecote, layout_cave_pools, grunt_hell_entry_dis_mu,
          nicolae_concentric_dashed_squares_wild, grunt_pan_entry_in_and_out,
          serial_rivers, chequers_serial_rivers_small_a,
          chequers_serial_rivers_room_a, chequers_serial_rivers_small_a,
          chequers_serial_rivers_marsh, uniq_enchantress
Depths:3: minmay_bad_star, layout_basic, enter_ziggurat_d, grunt_mini_vestibule,
          abyss_entry, infiniplex_staircase_pool_2
Depths:4: evilmike_zot_entry_hall, layout_twisted_cross, hell_entry,
          roderic_serpentine_path, serial_shops, bzr_entry_water,
          minmay_misc_feat_roman
Zot:1:    layout_gridlike, zot_minivault_1, grunt_megastairs_3
Zot:2:    layout_misc_corridors
Zot:3:    lemuel_draconian_sentries_small, layout_twisted_circle
Zot:4:    nicolae_zot_stationary_front, layout_cathedral_of_symmetry,
          bh_zot_lava_cross, grunt_megastairs_2, uniq_josephina
Zot:5:    layout_basic
Pan:      nicolae_pan_giant_door, layout_cellular_growth, cerebov,
          layout_long_grid, nicolae_pan_gloorx_vloqian_4,
          nicolae_pan_sigil_itan, rand_demon_2, layout_rooms,
          gammafunk_its_a_trap, layout_rooms

Skill      XL: |  1  2  3  4  5  6  7  8  9 10 11 12 13 14 15 16 17 18 19 20 21 22 23 24 25 26 27 |
---------------+----------------------------------------------------------------------------------+-----
Dodging        | 3 4 5 6 8 9 10 12 13 14 16 17 18 19 20 21 22 23 24 | 24.6
Unarmed Combat | 4 5 6 7 8 10 11 13 14 15 16 17 18 19 20 22 23 | 23.3
Fighting       | 2 3 4 6 7 8 9 10 11 12 13 14 15 16 17 18 19 | 19.6
Stealth        | 1 2 3 4 6 7 9 11 13 15 16 | 16.7
Shapeshifting  | 4 5 6 7 8 9 10 13 16 17 18 19 20 23 24 25 26 | 26.0
Evocations     | 1 4 6 8 9 |  9.2
Poison Magic   | 9 10 | 10.0
Transmutations | 3 |  3.1
Fire Magic     | 1 |  1.0
Spellcasting   | 4 5 7 8 10 11 12 13 14 15 16 | 16.8
Translocations | 1 8 10 12 14 16 17 | 17.4
Air Magic      | 3 4 |  4.4
Hexes          | 4 9 12 | 12.9
Invocations    | 1 12 | 12.9

Action                     |  1- 3 |  4- 6 |  7- 9 | 10-12 | 13-15 | 16-18 | 19-21 | 22-24 | 25-27 || total
---------------------------+-------+-------+-------+-------+-------+-------+-------+-------+-------++-------
  Melee: Unarmed           |    98 |   134 |   338 |   724 |  1090 |   550 |   897 |  1602 |  2048 ||  7481
         Bite              |     9 |    23 |    36 |   122 |   218 |    77 |   104 |       |       ||   589
         Punch             |     1 |     3 |     1 |       |     4 |    60 |   116 |   129 |   275 ||   589
         Tailslap          |       |       |       |       |     9 |    82 |    28 |       |       ||   119
   Cast: Olgreb's Toxic Ra |       |       |       |       |   206 |   342 |   161 |     8 |       ||   717
         Ignite Poison     |       |       |       |       |    72 |   172 |    88 |     6 |     1 ||   339
         Manifold Assault  |       |       |       |       |       |       |       |   542 |   565 ||  1107
         Blink             |       |       |       |       |       |       |       |     7 |     5 ||    12
         Passage of Golubr |       |       |       |       |       |       |       |       |    14 ||    14
         Passwall          |       |       |       |       |       |       |       |       |     2 ||     2
         Apportation       |       |       |       |       |       |       |       |       |     2 ||     2
         Swiftness         |       |       |       |       |       |       |       |       |     1 ||     1
         Enfeeble          |       |       |       |       |       |       |       |       |    14 ||    14
         Vhi's Electric Ch |       |       |       |       |       |       |       |       |     6 ||     6
         Yara's Violent Un |       |       |       |       |       |       |       |       |     4 ||     4
 Invoke: Call Merchant     |       |       |       |     1 |     4 |     3 |     3 |     3 |       ||    14
         Potion Petition   |       |       |       |       |       |       |       |     1 |     1 ||     2
         Divine Shield     |       |       |       |       |       |       |       |       |     4 ||     4
         Summon Divine War |       |       |       |       |       |       |       |       |     1 ||     1
Ability: Blinkbolt         |       |       |       |       |       |       |     3 |    33 |    29 ||    65
  Evoke: Wand              |       |       |       |     5 |     8 |     5 |       |       |       ||    18
         Lightning rod     |       |       |       |       |       |       |     3 |     4 |       ||     7
         Condenser vane    |       |       |       |       |       |       |     2 |     1 |       ||     3
         Phantom mirror    |       |       |       |       |       |       |     1 |     1 |       ||     2
         Sack of spiders   |       |       |       |       |       |       |     1 |       |       ||     1
    Use: Potion            |       |       |     3 |       |     2 |       |       |     2 |     5 ||    12
         Scroll            |       |       |     8 |     5 |    13 |     5 |    11 |     5 |     6 ||    53
   Stab: Sleeping          |     4 |     1 |    11 |     7 |     2 |     9 |    21 |    10 |     7 ||    72
         Distracted        |       |       |     2 |     2 |     6 |     6 |    14 |    17 |     7 ||    54
 Armour: Skin              |    24 |    35 |    77 |   138 |   292 |   502 |   415 |   225 |   241 ||  1949
  Dodge: Dodged            |    67 |   107 |   336 |   809 |  1197 |   913 |  1627 |  1429 |  1745 ||  8230
  Block: Other             |       |       |       |       |       |       |       |       |    10 ||    10
   Form: Flux              |       |       |     1 |       |       |       |       |       |       ||     1
         Dragon            |       |       |       |       |     2 |     4 |     3 |       |       ||     9
                           |       |       |       |       |     1 |       |       |       |       ||     1
         Statue            |       |       |       |       |       |     4 |     3 |       |       ||     7
         Anaconda          |       |       |       |       |       |     1 |       |       |       ||     1
         Death             |       |       |       |       |       |       |     1 |       |       ||     1
         Storm             |       |       |       |       |       |       |     2 |       |       ||     2

Table legend: (Time is in decaauts)
 A = Elapsed time spent in this place.
 B = Non-inter-level travel time spent in this place.
 C = Inter-level travel time spent in this place.
 D = Time resting spent in this place.
 E = Time spent auto-exploring this place.
 F = Levels seen in this place.
 G = Mean time per level.
                   A        B        C        D        E       F      G
               +--------+--------+--------+--------+--------+-----+--------+
         Total | 119270 | 108852 |  10418 |  11201 |  78658 |  64 | 1863.6 |
       Dungeon |  26270 |  22929 |   3341 |   2096 |  16942 |  15 | 1751.3 |
        Temple |     42 |     42 |      0 |      0 |      0 |   1 |   42.0 |
          Lair |  13352 |  11611 |   1741 |   1410 |   8131 |   5 | 2670.4 |
        Shoals |   9172 |   8525 |    647 |    757 |   6305 |   4 | 2293.0 |
   Spider Nest |   7443 |   7117 |    326 |    969 |   4987 |   4 | 1860.8 |
    Slime Pits |   8024 |   7092 |    932 |   1170 |   4295 |   5 | 1604.8 |
  Orcish Mines |   2826 |   2541 |    285 |    489 |   1593 |   2 | 1413.0 |
   Elven Halls |   8445 |   7833 |    612 |    630 |   5947 |   3 | 2815.0 |
        Vaults |  11486 |  10627 |    859 |    467 |   8615 |   5 | 2297.2 |
         Crypt |   3683 |   3378 |    305 |     13 |   2774 |   3 | 1227.7 |
        Depths |   7515 |   6725 |    790 |    262 |   5429 |   4 | 1878.8 |
           Zot |  12328 |  11753 |    575 |   1169 |   9199 |   5 | 2465.6 |
         Abyss |    688 |    688 |      0 |    390 |      0 |   1 |  688.0 |
   Pandemonium |   3522 |   3522 |      0 |     85 |   2528 |   4 |  880.5 |
        Bazaar |    144 |    144 |      0 |      0 |    124 |   1 |  144.0 |
      Ice Cave |   1944 |   1944 |      0 |   1071 |    208 |   1 | 1944.0 |
    Desolation |   2378 |   2378 |      0 |    217 |   1576 |   1 | 2378.0 |
               +--------+--------+--------+--------+--------+-----+--------+

Top non-repeatable levels by time:
   Elf:3: 4358 daAuts
  Lair:2: 4006 daAuts
   Zot:5: 3918 daAuts
Vaults:5: 3275 daAuts
 Slime:5: 3274 daAuts
    D:15: 3119 daAuts
   Zot:4: 2791 daAuts
  Lair:5: 2768 daAuts
   Zot:1: 2753 daAuts
Spider:4: 2604 daAuts
  Lair:3: 2600 daAuts
Shoals:4: 2581 daAuts
     D:8: 2466 daAuts
    D:13: 2401 daAuts
Desolation: 2378 daAuts
